Map: Odyssey LE

Players

Serral - Winner!

  • Race: Zerg Zerg
  • League: Grandmaster
  • Spawn Location: 11:00

Nerchio

  • Race: Zerg Zerg
  • League: Grandmaster
  • Spawn Location: 5:00

Event: WESG Barcelona European Finals 2017

VOD

Have the link to the VOD?

Description

Time

  • Played on: Nov. 26, 2017, 12:26 p.m.
  • Length: 12:54

All games in this series

Show
View Real Time Build Order
Export as new Build Order

Serral Zerg - Winner!

Build Orders: Hatch First, Zergling Baneling 

Get SALT Encoding   

  12  0:00  Drone  
  13  0:12  Overlord  
  13  0:16  Drone  
  14  0:31  Drone x2  
  14  0:34  Drone  
  17  0:51  Hatchery  
  17  0:54  Drone  
  17  0:57  Drone  
  17  1:01  Extractor  
  17  1:12  Spawning Pool  
  17  1:15  Drone  
  18  1:18  Drone  
  18  1:28  Drone  
  19  1:39  Overlord  
  19  1:49  Drone  
  20  1:58  Queen  
  22  2:01  Metabolic Boost  
  22  2:03  Zergling x2, Queen  
  22  2:06  Zergling x2  
  26  2:11  Drone  
  26  2:14  Drone  
  28  2:21  Baneling Nest  
  28  2:22  Drone  
  28  2:27  Drone  
  29  2:33  Drone  
  30  2:45  Hatchery  
  30  2:48  Zergling x2  
  30  2:50  Zergling x2  
  31  2:54  Zergling x2  
  31  2:55  Zergling x2  
  33  3:00  Overlord  
  33  3:05  Zergling x2  
  34  3:09  Zergling x4  
  36  3:20  Zergling x2  
  36  3:21  Zergling x8  
  36  3:23  Baneling x2  
  41  3:29  Zergling x4  
  41  3:33  Drone  
  44  3:38  Overlord  
  44  3:46  Baneling x2  
  44  3:48  Baneling x2  
  44  3:50  Overlord  
  44  3:56  Overlord  
  44  3:57  Zergling x4  
  44  3:58  Zergling x2  
  44  3:59  Zergling x2  
  44  4:01  Drone  
  48  4:05  Drone  
  48  4:09  Drone x2  
  47  4:11  Zergling x2  
  47  4:14  Zergling x2  
  45  4:18  Baneling  
  45  4:19  Baneling  
  45  4:20  Drone x2  
  47  4:27  Zergling x4  
  47  4:31  Drone x3  
  51  4:35  Overlord  
  51  4:37  Overlord  
  52  4:40  Drone  
  52  4:47  Zergling x6  
  52  4:49  Baneling x3  
  55  4:55  Baneling  
  55  4:58  Roach Warren, Extractor  
  53  5:01  Drone x2  
  53  5:05  Extractor  
  53  5:06  Drone x2  
  53  5:07  Drone x2  
  56  5:18  Drone x3  
  59  5:21  Overlord  
  57  5:29  Drone x4  
  59  5:41  Queen  
  61  5:44  Evolution Chamber  
  61  5:45  Roach x2  
  61  5:47  Drone x4  
  68  5:52  Baneling x2  
  68  5:54  Drone x2  
  68  5:58  Drone x2  
  68  6:02  Drone  
  68  6:03  Overlord  
  69  6:07  Drone  
  69  6:08  Drone  
  69  6:09  Drone x2  
  69  6:11  Roach  
  69  6:15  Roach x2  
  74  6:19  Roach  
  74  6:20  Roach  
  74  6:23  Zerg Missile Weapons Level 1  
  74  6:24  Roach  
  79  6:27  Roach  
  79  6:30  Overlord  
  81  6:34  Queen  
  81  6:37  Roach x2  
  81  6:39  Lair  
  87  6:44  Extractor  
  86  6:48  Drone  
  86  6:49  Drone x3  
  86  6:50  Roach x3  
  96  7:00  Drone x2  
  96  7:01  Drone x3  
  98  7:02  Drone x3  
  98  7:07  Ravager x3  
  105  7:11  Ravager  
  105  7:12  Extractor  
  105  7:14  Overlord x2  
  105  7:22  Hatchery, Pneumatized Carapace  
  104  7:26  Roach x2  
  104  7:28  Roach  
  112  7:30  Roach  
  112  7:33  Overlord  
  112  7:34  Roach x2  
  117  7:44  Roach x5  
  117  7:47  Overlord  
  124  7:51  Glial Reconstitution  
  124  7:55  Roach x2  
  124  7:58  Overlord  
  126  8:02  Drone, Extractor  
  126  8:04  Roach  
  126  8:05  Roach x5  
  138  8:09  Roach x2  
  138  8:11  Overlord  
  142  8:14  Overlord  
  142  8:18  Roach x4  
  150  8:22  Roach  
  150  8:25  Roach  
  154  8:29  Overlord x2  
  154  8:30  Overlord  
  154  8:31  Overlord  
  154  8:36  Roach x4  
  154  8:38  Ravager  
  154  8:39  Ravager  
  164  8:42  Roach x2  
  168  8:49  Zerg Missile Weapons Level 2  
  168  8:51  Overlord  
  168  8:52  Roach x2  
  170  9:03  Roach x2  
  170  9:04  Roach x5  
  170  9:09  Roach x4  
  140  9:19  Roach x4  
  140  9:21  Overseer  
  146  9:30  Roach x4  
  152  9:38  Roach x2  
  152  9:39  Roach x3  
  152  9:42  Roach  
  152  9:43  Roach  
  164  9:46  Ravager  
  164  9:51  Roach x4  
  173  9:59  Roach x2  
  185  10:00  Roach x4  
  185  10:02  Queen  
  187  10:11  Roach x6  
  199  10:15  Overlord, Ravager  
  183  10:25  Roach x7  
  170  10:28  Roach  
  170  10:29  Roach  
  170  10:30  Roach  
  170  10:32  Roach  
  171  10:37  Roach x3  
  171  10:38  Roach  
  177  10:44  Ravager  
  177  10:45  Ravager  
  177  10:46  Roach x3  
  177  10:47  Roach  
  187  10:54  Roach x3  
  187  10:55  Roach x2  
  197  11:01  Ravager  
  197  11:02  Roach  
  192  11:32  Roach x11  
  200  11:36  Roach x2  
  200  11:37  Roach x4  
  188  11:43  Roach x9  
  188  11:44  Roach  
  188  11:52  Roach x6  
  176  11:56  Roach  
  176  11:57  Roach x2  
  182  12:03  Roach x2  
  182  12:04  Roach x3  
  192  12:09  Roach x3  
  198  12:17  Roach x2  
  198  12:27  Roach  
  198  12:28  Roach x7  
Show
View Real Time Build Order
Export as new Build Order

Nerchio Zerg 

Build Orders: Hatch First 

Get SALT Encoding   

  12  0:00  Drone  
  13  0:12  Overlord  
  13  0:17  Drone  
  14  0:30  Drone x2  
  14  0:34  Drone  
  17  0:52  Hatchery  
  17  0:55  Drone  
  17  0:58  Drone  
  17  1:01  Extractor  
  17  1:14  Spawning Pool  
  17  1:17  Drone  
  17  1:20  Drone  
  18  1:27  Drone  
  19  1:38  Overlord  
  19  1:49  Drone  
  20  2:00  Queen  
  20  2:01  Metabolic Boost  
  22  2:04  Queen  
  22  2:06  Zergling x2  
  25  2:10  Zergling x2  
  25  2:12  Zergling x2  
  27  2:16  Drone  
  28  2:23  Drone  
  28  2:26  Drone  
  30  2:32  Drone  
  31  2:43  Zergling x2, Hatchery  
  31  2:45  Zergling x2  
  32  2:51  Baneling Nest  
  32  2:53  Zergling x2  
  32  2:57  Overlord  
  32  3:03  Drone  
  33  3:06  Drone  
  33  3:08  Drone x2  
  36  3:17  Zergling x6  
  39  3:20  Drone x2  
  39  3:24  Zergling x2  
  42  3:27  Overlord  
  42  3:32  Drone  
  42  3:37  Overlord  
  42  3:38  Baneling x2  
  42  3:44  Queen  
  44  3:50  Queen  
  44  3:52  Drone x2  
  44  3:54  Zergling x2  
  49  3:55  Zergling x2  
  49  3:59  Zergling x2  
  49  4:00  Zergling x2  
  49  4:02  Baneling  
  52  4:04  Zergling x2  
  49  4:10  Zergling x4  
  49  4:11  Zergling x4  
  49  4:12  Zergling x2  
  52  4:26  Drone x2  
  52  4:27  Drone, Hatchery  
  52  4:29  Drone  
  54  4:32  Drone  
  55  4:38  Evolution Chamber  
  55  4:42  Drone x2, Extractor  
  55  4:44  Drone  
  55  4:45  Overlord  
  55  4:55  Overlord  
  55  4:58  Drone x3, Roach Warren  
  57  5:01  Overlord  
  57  5:04  Drone  
  57  5:06  Zerg Missile Weapons Level 1  
  58  5:09  Drone  
  58  5:12  Zergling x4  
  58  5:18  Extractor, Overlord  
  57  5:33  Overlord  
  54  5:38  Baneling x2  
  54  5:39  Roach  
  54  5:40  Roach x4  
  54  5:42  Roach  
  66  5:45  Roach  
  66  5:49  Roach  
  70  5:50  Roach  
  70  5:54  Roach  
  73  6:00  Roach x2  
  77  6:04  Roach  
  71  6:13  Roach  
  73  6:18  Drone x2  
  73  6:19  Drone x4  
  73  6:20  Lair  
  73  6:21  Extractor  
  73  6:22  Overlord  
  73  6:23  Drone  
  79  6:27  Drone  
  80  6:33  Drone  
  80  6:34  Drone  
  80  6:37  Drone  
  83  6:41  Drone x3, Extractor  
  83  6:44  Drone  
  86  6:48  Drone x2  
  86  6:53  Roach x3  
  94  6:54  Roach  
  94  6:58  Roach  
  98  7:02  Overlord  
  98  7:04  Overlord  
  98  7:06  Roach x2  
  102  7:09  Overlord  
  102  7:13  Roach x2  
  106  7:16  Roach, Glial Reconstitution  
  106  7:19  Roach  
  106  7:21  Roach  
  112  7:24  Roach  
  112  7:26  Roach  
  112  7:27  Roach  
  112  7:29  Roach  
  120  7:31  Roach  
  120  7:33  Roach  
  120  7:36  Overlord  
  124  7:38  Overlord  
  124  7:41  Roach  
  124  7:44  Roach  
  128  7:47  Roach  
  129  7:51  Overlord x2  
  129  7:53  Overlord  
  129  7:59  Overlord  
  129  8:00  Ravager x2  
  129  8:01  Roach, Ravager x3  
  129  8:04  Roach  
  138  8:08  Overlord  
  138  8:10  Roach x2  
  142  8:13  Roach  
  142  8:14  Roach  
  142  8:16  Roach  
  142  8:19  Roach  
  150  8:20  Roach  
  150  8:22  Roach  
  150  8:24  Roach  
  158  8:27  Roach  
  158  8:28  Roach  
  158  8:31  Roach  
  158  8:32  Ravager x2  
  158  8:34  Roach  
  166  8:37  Roach x2  
  166  8:40  Roach  
  172  8:42  Roach  
  172  8:45  Roach  
  172  8:46  Roach  
  172  8:48  Overlord  
  178  8:50  Overlord  
  172  9:04  Roach x3  
  172  9:05  Roach x4  
  172  9:07  Roach  
  172  9:09  Roach  
  158  9:12  Roach  
  158  9:14  Roach  
  158  9:16  Roach  
  134  9:19  Roach x2  
  134  9:21  Roach  
  134  9:23  Roach  
  130  9:27  Roach  
  130  9:29  Roach  
  134  9:32  Roach  
  134  9:33  Roach  
  134  9:36  Roach  
  140  9:39  Roach  
  140  9:40  Roach  
  140  9:43  Roach  
  140  9:45  Roach  
  148  9:49  Roach  
  148  9:50  Roach  
  148  9:52  Roach  
  152  9:53  Roach  
  152  9:55  Ravager x2  
  152  9:57  Roach  
  156  10:00  Roach  
  156  10:01  Roach  
  156  10:04  Roach  
  156  10:05  Roach  
  162  10:07  Roach  
  162  10:09  Roach  
  162  10:13  Roach x2  
  166  10:15  Roach  
  166  10:18  Roach  
  166  10:20  Roach  
  164  10:22  Roach  
  164  10:24  Roach  
  164  10:25  Roach  
  146  10:29  Roach  
  146  10:33  Roach  
  146  10:34  Roach  
  150  10:40  Roach, Unknown  
  152  10:44  Roach  
  152  10:45  Roach  
  152  10:46  Ravager x2  
  152  10:47  Ravager  
  152  10:48  Roach x2  
  163  10:50  Unknown  
  163  10:54  Roach  
  163  10:56  Roach  
  167  10:59  Roach, Hatchery  
  167  11:00  Roach  
  167  11:03  Roach  
  172  11:04  Roach  
  172  11:09  Roach x2  
  172  11:11  Roach  
  178  11:13  Roach  
  178  11:17  Roach x2  
  182  11:19  Roach  
  182  11:23  Roach x2  
  186  11:26  Roach  
  186  11:27  Roach  
  186  11:29  Roach  
  186  11:32  Roach  
  172  11:37  Roach x2  
  172  11:39  Roach  
  148  11:40  Roach  
  148  11:43  Roach  
  148  11:46  Roach  
  142  11:47  Roach  
  142  11:48  Roach  
  142  11:52  Roach  
  142  11:53  Roach  
  131  11:54  Roach  
  133  12:04  Roach  
  133  12:05  Roach  
  133  12:06  Roach  
  141  12:08  Roach  
  141  12:11  Roach  
  143  12:16  Roach x2  
  143  12:19  Roach  
  143  12:21  Roach  
  149  12:26  Roach x2  
  149  12:27  Roach  
  143  12:30  Roach  
  143  12:34  Roach x3  
Tags
 
Add a new tag
Caveats
  • Supply blocks, unpowered buildings, or Contaminate may cause inaccurate times.
  • Supply counts are checked every 10 seconds.